 Dungeon Crawl Stone Soup version 0.29.1-15-g9cfb28693d (webtiles) character file.

Game seed: 16943056205210108549

487 fleeber the Shooter (level 7, -16/55 HPs)
             Began as a Barachi Hunter on Mar 16, 2023.
             Was an Initiate of Cheibriados.
             Demolished by Menkaure (19 damage)
             ... on level 4 of the Dungeon.
             The game lasted 00:07:30 (3327 turns).

fleeber the Shooter (Barachi Hunter)                Turns: 3327, Time: 00:07:31

Health: -16/55     AC:  6    Str: 13    XL:     7   Next: 13%
Magic:  7/7        EV: 14    Int: 11    God:    Cheibriados [......]
Gold:   203        SH:  0    Dex: 18    Spells: 6/6 levels left

rFire   . . .      SeeInvis .   a - +0 shortbow
rCold   . . .      Faith    .   (shield currently unavailable)
rNeg    . . .      Spirit   .   c - +0 leather armour
rPois   .          Reflect  .   g - +2 helmet
rElec   .          Harm     .   (no cloak)
rCorr   .          Rampage  .   (no gloves)
Will    .....                   (no boots)
Stlth   ++........              (no amulet)
HPRegen 0.18/turn               (no ring)
MPRegen 0.10/turn               (no ring)

@: very slow
A: amphibious, slowness 1, strong legs 1, +LOS
a: Hop, Renounce Religion


You were on level 4 of the Dungeon.
You worshipped Cheibriados.
Cheibriados was noncommittal.
You visited 1 branch of the dungeon, and saw 6 of its levels.

You collected 203 gold pieces.

Inventory:

Hand Weapons
 a - a +0 shortbow (weapon)
Armour
 c - a +0 leather armour (worn)
 g - a +2 helmet (worn)
Jewellery
 s - a ring of magical power
Scrolls
 b - 2 scrolls of immolation
 f - a scroll of summoning {unknown}
 h - a scroll of noise {unknown}
 m - a scroll of vulnerability {unknown}
 n - a scroll of amnesia {unknown}
 o - 3 scrolls of identify {unknown}
 q - 2 scrolls of fear {unknown}
 t - a scroll of blinking {unknown}
Potions
 d - a potion of lignification {unknown}
 e - a potion of brilliance {unknown}
 i - 2 potions of heal wounds {unknown}
 j - a potion of berserk rage {unknown}
 k - a potion of might {unknown}
 l - a potion of magic {unknown}
 p - a potion of curing {unknown}
 r - a potion of degeneration {unknown}
 u - a potion of resistance {unknown}


   Skills:
 + Level 4.9 Fighting
 * Level 6.5 Ranged Weapons
 + Level 4.4 Dodging
 - Level 0.8 Stealth


You had 6 spell levels left.
You didn't know any spells.
Your spell library contained the following spells:

 Spells                   Type           Power      Damage    Failure   Level
 Sublimation of Blood     Necr           0%         N/A       56%         2
 Stone Arrow              Conj/Erth      0%         3d7       80%         3
 Animate Armour           Summ/Erth      0%         N/A       99%         4
 Petrify                  Tmut/Erth      0%         N/A       99%         4
 Irradiate                Conj/Tmut      0%         3d11      100%        5
 Lehudib's Crystal Spear  Conj/Erth      0%         10d2      100%        8


Dungeon Overview and Level Annotations

Branches:
Dungeon (6/15)
 Temple: D:4-7

Altars:
Cheibriados
Dithmenos
Gozag
Hepliaklqana
Kikubaaqudgha
Qazlal
Ru
Sif Muna
Uskayaw
Wu Jian
The Shining One

Annotations:
D:3 Dowan, Duvessa
D:4 Menkaure


Innate Abilities, Weirdness & Mutations

You are amphibious.
You cover ground slowly.
You can hop short distances.
You have an extended range of vision and can be seen from far away.


Message History

Aim: Menkaure (lightly damaged, fast, 79% to hit)
You shoot an arrow. The arrow hits Menkaure.
Menkaure is moderately damaged.
Menkaure casts a spell at you.
You struggle to resist.
Menkaure gestures at you while chanting.
Pain shoots through your body!
* * * LOW HITPOINT WARNING * * *
Fire: a) +0 shortbow
Press: ? - help, Q - select action, (/) - cycle Shift-Dir - straight line, f/p - Menkaure
Aim: Menkaure (moderately damaged, fast, 79% to hit)
You shoot an arrow. The arrow hits Menkaure.
Menkaure is heavily damaged.
Menkaure barely misses you.
Fire: a) +0 shortbow
Press: ? - help, Q - select action, (/) - cycle Shift-Dir - straight line, f/p - Menkaure
Aim: Menkaure (heavily damaged, fast, 79% to hit)
You shoot an arrow. The arrow hits Menkaure!
Menkaure is almost destroyed.
Menkaure barely misses you. Menkaure closely misses you.
Fire: a) +0 shortbow
Press: ? - help, Q - select action, (/) - cycle Shift-Dir - straight line, f/p - Menkaure
Aim: Menkaure (almost destroyed, fast, 79% to hit)
You shoot an arrow.
The arrow hits Menkaure but does no damage.
Menkaure is almost destroyed.
Menkaure calls on the powers of darkness!
Your body is wracked with pain!
* * * LOW HITPOINT WARNING * * *
Fire: a) +0 shortbow
Press: ? - help, Q - select action, (/) - cycle Shift-Dir - straight line, f/p - Menkaure
Aim: Menkaure (almost destroyed, fast, 79% to hit)
You shoot an arrow.
The arrow hits Menkaure but does no damage.
Menkaure is almost destroyed.
Menkaure casts a spell at you. Pain shoots through your body!
* * * LOW HITPOINT WARNING * * *
Menkaure hits you!!
You die...

#......# ##..
################..
#......#..........
#......'.........<
#......#..........
#......#..........
#......#...#.#.#..
#'######..........
#@...#####.#.#.#.#
#M....#...........
#.†...#....#.#.#..
#.....#...........
###'########...##.
#...## #######
#....# #....#
#....#


You could see Menkaure (fast).

Vanquished Creatures
  Sigmund (D:3)
  An ogre (D:4)
  A scorpion (D:4)
  A jelly (D:4)
  An orc priest (D:4)
  An iguana (D:3)
  4 adders
  An ufetubus (D:4)
  2 worms
  4 orcs
  5 bats
  4 endoplasms
  4 giant cockroaches
  4 goblins
  8 hobgoblins
  7 jackals
  5 quokkas
  5 ball pythons
  3 frilled lizards (D:3)
  3 kobolds
  2 rats
67 creatures vanquished.

Notes
Turn   | Place    | Note
-------+----------+-------------------------------------------
     0 | D:1      | fleeber the Barachi Hunter began the quest for the Orb.
     0 | D:1      | Reached XP level 1. HP: 17/17 MP: 1/1
   122 | D:1      | Reached XP level 2. HP: 23/23 MP: 2/2
   726 | D:2      | Reached XP level 3. HP: 29/29 MP: 3/3
   778 | D:2      | Found a faded altar of an unknown god.
  1194 | D:2      | Reached XP level 4. HP: 15/35 MP: 4/4
  1643 | D:3      | Noticed Sigmund
  1646 | D:3      | Reached skill level 5 in Ranged Weapons
  1652 | D:3      | Killed Sigmund
  1653 | D:3      | Reached XP level 5. HP: 25/42 MP: 5/5
  1653 | D:3      | Reached XP level 6. HP: 29/48 MP: 6/6
  2039 | D:4      | Noticed Duvessa
  2039 | D:4      | Noticed Dowan
  2204 | D:4      | Reached skill level 6 in Ranged Weapons
  2279 | D:4      | You fall into a shaft and drop 2 floors!
  2281 | D:6      | Noticed a steam dragon
  2284 | D:5      | Entered Level 5 of the Dungeon
  2384 | D:4      | Found a stormy altar of Qazlal.
  2386 | D:4      | Found an ancient bone altar of Kikubaaqudgha.
  2387 | D:4      | Found a shadowy altar of Dithmenos.
  2399 | D:4      | Found a snail-covered altar of Cheibriados.
  2400 | D:4      | Found a shimmering blue altar of Sif Muna.
  2402 | D:4      | Found a hide-covered altar of Uskayaw.
  2403 | D:4      | Found an opulent altar of Gozag.
  2404 | D:4      | Became a worshipper of Cheibriados the Contemplative
  2407 | D:4      | Found a glowing golden altar of the Shining One.
  2411 | D:4      | Found an ornate altar of the Wu Jian Council.
  2683 | D:4      | Found a sacrificial altar of Ru.
  2918 | D:4      | Found a hazy altar of Hepliaklqana.
  3016 | D:4      | Reached XP level 7. HP: 10/55 MP: 7/7
  3309 | D:4      | Noticed Menkaure
  3327 | D:4      | Demolished by Menkaure

Illustrated notes

Levels and vault maps discovered:
D:1:      evilmike_arrival_plus, layout_rooms
D:2:      layout_loops_cross, ebering_ecumenical_altar_abandoned
D:3:      layout_rooms, uniq_sigmund
D:4:      layout_gridville, mainiacjoe_overflow_six_doors_small,
          nicolae_overflow_hallway_of_the_gods, marbit_many_paths, serial_glass,
          glass_columns_b, glass_columns_a, corexii_item_surrounded_by_moat,
          uniq_menkaure, uniq_duvessa
D:5:      layout_loops_cross, serial_shops, kennysheep_little_box,
          feat_on_display, uniq_ijyb
D:6:      minmay_spotlight, layout_rooms, temple_pool_b, serial_shops,
          nicolae_shop_temple_entry_statues_fountains

Skill      XL: |  1  2  3  4  5  6 |
---------------+-------------------+-----
Fighting       | 3 4 |  4.9
Dodging        | 3 4 |  4.4
Ranged Weapons | 5 6 |  6.5
Stealth        | |  0.8

Action                   |  1- 3 |  4- 6 |  7- 9 || total
-------------------------+-------+-------+-------++-------
 Fire: Shortbow          |   113 |   134 |    11 ||   258
 Abil: Hop               |       |     2 |       ||     2
Armor: Leather armour    |    24 |    21 |       ||    45
Dodge: Dodged            |    57 |    50 |     3 ||   110
